 Dungeon Crawl Stone Soup version 0.22-a0-322-g60b3cfd402 (webtiles) character file.

294266 Laan the Peltast (level 21, -3/141 HPs)
             Began as a Gargoyle Fighter on Apr 5, 2018.
             Was the Champion of the Shining One.
             Slain by a caustic shrike (14 damage)
             ... on level 2 of the Depths.
             The game lasted 01:21:32 (34942 turns).

Laan the Peltast (Gargoyle Fighter)                Turns: 34942, Time: 01:21:33

Health: -3/141     AC: 54    Str: 38    XL:     21   Next: 23%
Magic:  33/33      EV:  8    Int: 11    God:    the Shining One [******]
Gold:   4341       SH: 11    Dex: 11    Spells: 20/20 levels left

rFire    + + .     SeeInvis .   A - +4 morningstar of Conservatism {elec, Int+3 Dex+2}
rCold    + . .     Gourm    .   N - +3 warlock's mirror {reflect}
rNeg     + + +     Faith    .   T - +3 gold dragon scales
rPois    ∞         Spirit   .   B - +2 helmet
rElec    +         Reflect  +   R - +1 cloak {rF+}
rCorr    .         Harm     .   M - +2 pair of gloves {Dex+3}
MR       ++...     Rnd*Rage +   L - +1 pair of boots of Gozag's Hatred {rN+ Str+7 Dex-3 Slay+3}
Stlth    ..........             w - amulet of the acrobat
HPRegen  0.33/turn              l - ring of protection from magic
MPRegen  0.23/turn              t - +6 ring of slaying

@: berserk cooldown, flying, slowed, glowing, very slow
A: big wings, berserk 1, negative energy resistance 1, electricity resistance,
unbreathing, petrification resistance, rot immunity, AC +16
}: 1/15 runes: gossamer
a: Stop Flying, Divine Shield, Cleansing Flame, Summon Divine Warrior, Brand
Weapon With Holy Wrath, Renounce Religion


You were on level 2 of the Depths.
You worshipped the Shining One.
The Shining One was exalted by your worship.
You were not hungry.

You visited 7 branches of the dungeon, and saw 33 of its levels.
You also visited: Labyrinth, Bailey and Volcano.

You collected 5005 gold pieces.
You spent 664 gold pieces at shops.

Inventory:

Hand Weapons
 A - the +4 morningstar of Conservatism (weapon) {elec, Int+3 Dex+2}
   (You bought it in a shop on level 7 of the Dungeon)

   Occasionally, upon striking a foe, it will discharge some electrical energy
   and cause terrible harm.
   It affects your intelligence (+3).
   It affects your dexterity (+2).
 H - a +3 trishula of holy wrath
Missiles
 y - 5 steel javelins (quivered)
 K - 12 javelins of returning
Armour
 B - a +2 helmet (worn)
 L - the +1 pair of boots of Gozag's Hatred (worn) {rN+ Str+7 Dex-3 Slay+3}
   (You found it on level 13 of the Dungeon)

   It affects your strength (+7).
   It affects your dexterity (-3).
   It affects your accuracy and damage with ranged weapons and melee attacks
   (+3).
   It protects you from negative energy.
 M - a +2 pair of gloves of dexterity (worn)
 N - the +3 warlock's mirror (worn) {reflect}
   (You found it in a labyrinth)
 R - a +1 cloak of fire resistance (worn)
 S - a +4 plate armour of fire resistance
 T - +3 gold dragon scales (worn)
Jewellery
 l - a ring of protection from magic (left hand)
 o - an uncursed ring of stealth {unknown}
 p - a +4 ring of intelligence {unknown}
 t - a +6 ring of slaying (right hand)
 w - an amulet of the acrobat (around neck)
 x - an uncursed ring of protection from fire
 G - the ring "Lidiedaisi" {rPois Str+6}
   (You took it off an ogre mage on level 15 of the Dungeon)

   [ring of poison resistance]

   It affects your strength (+6).
   It protects you from poison.
 U - an uncursed amulet of magic regeneration
 X - the amulet of Yredelemnul's Esteem {Reflect rF- Int+3 SH+3 SInv}
   (You took it off a spriggan berserker on level 2 of the Depths)

   [amulet of reflection]

   It shields you and reflects attacks.
   It affects your intelligence (+3).
   It makes you vulnerable to fire.
   It lets you see invisible.
   It affects your SH (+3).
Wands
 d - a wand of acid (26)
 v - a wand of iceblast (19)
 C - a wand of scattershot (7)
 E - a wand of disintegration (16)
 F - a wand of polymorph (19)
 J - a wand of digging (13)
 V - a wand of paralysis (12)
Scrolls
 a - 16 scrolls of remove curse
 b - 7 scrolls of identify
 e - 10 scrolls of amnesia
 g - 3 scrolls of enchant weapon
 i - 4 scrolls of brand weapon
 j - 11 scrolls of fog
 k - 7 scrolls of teleportation
 m - a scroll of holy word
 r - a scroll of magic mapping
 O - a scroll of fear
 Q - 2 scrolls of summoning
Potions
 c - 2 potions of mutation {unknown}
 h - 3 potions of berserk rage {unknown}
 n - 4 potions of ambrosia
 q - 10 potions of curing
 s - 3 potions of resistance
 u - 3 potions of haste
 z - 3 potions of cancellation
 D - 5 potions of lignification
 I - 8 potions of brilliance
 P - a potion of magic {unknown}
Comestibles
 f - 40 rations
 W - 8 chunks of flesh


   Skills:
 + Level 18.1 Fighting
 - Level 16.0 Maces & Flails
 + Level 18.1 Armour
 + Level 18.2 Shields
 + Level 17.9 Invocations


You had 20 spell levels left.
You didn't know any spells.

Dungeon Overview and Level Annotations

Branches:
Dungeon (15/15)            Temple (1/1) D:4            Lair (6/6) D:9
 Shoals (0/4) Lair:4       Spider (4/4) Lair:3        Slime (0/5) Lair:6
    Orc (2/2) D:10            Elf (0/3) Orc:2        Vaults (3/5) D:14
  Crypt (0/3) Vaults:2     Depths (2/5) D:15

Altars:
Ashenzari
Cheibriados
Dithmenos
Elyvilon
Fedhas
Gozag
Hepliaklqana
Kikubaaqudgha
Makhleb
Nemelex Xobeh
Okawaru
Qazlal
Ru
Sif Muna
Trog
Uskayaw
Vehumet
Wu Jian
Xom
Yredelemnul
Zin
The Shining One
Beogh
Jiyva

Shops:
D:7 **(%=   Orc:2 ?%(%   Vaults:1 =

Portals:
Hell: Depths:1 Depths:2


Innate Abilities, Weirdness & Mutations

You are resistant to torment.
Your stone body is resilient. (AC +16)
You are immune to poison.
Your large and strong wings let you fly indefinitely.
You resist negative energy. (rN+)
You are resistant to electric shocks. (rElec)
You can survive without breathing.
You are immune to petrification.
You are immune to rotting.
You tend to lose your temper in combat.


Message History

The blast of cold hits you! You resist.
The caustic shrike claws you but does no damage.
You hear a shout! x3
You bludgeon the ice dragon!!
The ice dragon is severely wounded.
You block the caustic shrike's attack.
The spriggan air mage waves its arms in wide circles.
The air twists around and violently strikes you in flight!
* * * LOW HITPOINT WARNING * * *
You block the ice dragon's attack. The ice dragon barely misses you.
The ice dragon tramples you but does no damage.
The caustic shrike claws you!
* * * LOW HITPOINT WARNING * * *
You are splashed with acid!
The acid burns!
The Shining One protects you from harm!
Okay, then.
You feel better. You block the caustic shrike's attack.
The spriggan air mage hits you but does no damage.
The caustic shrike claws you!
You die...

.........≈###.# #≈.
###.....≈##.. ≈.
#....)≈#≈.∩ #.....≈≈#
≈. ##....≈## #≈...#
#<(...≈## ##≈....
###(..≈≈###≈≈...
##(..≈§≈≈≈...
##....@.......
#....Dbi....## #
#....(C####..### . .
........C(.......#....
.
....######.............
. ...# ##..X......... .
..# ##........... . #.#
.........##' . .#
.#.......## #


You could see a caustic shrike, an ice dragon, 2 stone giants and a spriggan air
mage.

Vanquished Creatures
  Mennas (Vaults:3)
  Nikola (Depths:2)
  A golden dragon (Depths:2)
  Jorgrun (Depths:1)
  A lich (Depths:2)
  A tentacled monstrosity (Vaults:3)
  Asterion (Spider:1)
  3 sphinxes
  Agnes (Spider:1)
  The ghost of NihilVerum the Brawler, an adept TrHu of Okawaru (Spider:4)
  Kirke (Lair:3)
  A storm dragon (Depths:2)
  2 tengu reavers
  2 shadow dragons (Depths:2)
  5 fire giants
  A deep elf sorcerer (Vaults:2)
  3 frost giants (Depths:2)
  7 vault wardens
  6 ghost moths
  A caustic shrike zombie (Depths:2)
  Aizul (Spider:1)
  6 emperor scorpions
  11 ironheart preservers
  9 stone giants
  5 entropy weavers
  3 very ugly things (Depths:1)
  A caustic shrike skeleton (Depths:2)
  2 deep elf demonologists (Vaults:2)
  A deep elf annihilator (Vaults:2)
  A dire elephant (Lair:6)
  4 spark wasps
  A minotaur (Lab)
  7 ettins
  2 deep elf death magi
  Snorg (D:12)
  2 jiangshi (Depths:2)
  4 yaktaur captains
  2 fire dragons (Depths:2)
  7 ogre magi
  4 rakshasas
  5 vault guards (Vaults:1)
  10 hydras
  5 ice dragons
  Harold (Lair:2)
  6 great orbs of eyes
  A merfolk avatar (Lair:6)
  3 catoblepae
  12 centaur warriors
  2 death knights
  The ghost of dricus the Archer, a novice CeHu of Okawaru (D:9)
  2 deep troll shamans
  An anaconda (Lair:6)
  2 deep troll earth magi
  26 two-headed ogres
  An orc high priest (Orc:1)
  3 spriggan berserkers (Depths:2)
  3 vampire magi (Depths:2)
  A titan zombie (Depths:2)
  2 glowing orange brains
  2 skeletal warriors
  A sea snake (Lair:6)
  A quicksilver dragon simulacrum (Depths:2)
  2 unseen horrors
  A shadow wraith (Vaults:1)
  4 wizards
  8 deep trolls
  A phantasmal warrior (D:14)
  A wolf spider zombie (D:13)
  Pikel (D:7)
  7 deep elf archers
  8 ironbrand convokers
  9 orc knights
  The ghost of Draugr the Magician, a novice DEIE of Sif Muna (D:8)
  15 orb spiders
  An orb spider (shapeshifter) (Vaults:3)
  27 ugly things
  A shining eye (shapeshifter) (Depths:2)
  2 fire giant zombies
  3 necromancers
  A frost giant zombie (Depths:2)
  2 salamanders (Volcano)
  A faun (shapeshifter) (D:15)
  38 wolf spiders
  7 cyclopes
  6 orc sorcerers
  5 deep elf magi
  3 manticores
  2 moths of wrath
  Joseph (D:9)
  3 centaur zombies
  8 elephants
  10 vault sentinels
  4 centaur skeletons
  8 torpor snails
  2 black mambas
  A black mamba (shapeshifter) (Vaults:2)
  10 spiny frogs
  A gargoyle (D:15)
  Psyche (D:10)
  3 kobold demonologists
  37 yaktaurs
  2 rime drakes (Lair:6)
  4 freezing wraiths
  14 demonic crawlers
  8 komodo dragons
  An efreet (D:14)
  An elf skeleton (Depths:2)
  9 trolls
  3 meliai (D:13)
  44 jumping spiders
  A polar bear (shapeshifter) (Vaults:2)
  A meliai (shapeshifter) (Vaults:3)
  13 tyrant leeches
  3 polar bears
  16 hornets
  A hippogriff (shapeshifter) (Vaults:1)
  Prince Ribbit (D:6)
  15 slime creatures
  8 hippogriffs
  7 dream sheep
  A blink frog (shapeshifter) (Vaults:3)
  11 blink frogs
  A dream sheep (shapeshifter) (Vaults:2)
  5 human simulacra
  A centaur simulacrum (D:14)
  71 redbacks
  A spriggan (D:10)
  22 tarantellas
  2 wraiths
  3 shadows
  An ettin skeleton (Depths:2)
  A human (shapeshifter) (Vaults:2)
  A hog (shapeshifter) (Vaults:2)
  9 wyverns
  41 yaks
  3 fire bats (Volcano)
  2 basilisks
  A hungry ghost (D:15)
  10 vampire mosquitoes
  A human zombie (Vaults:1)
  5 wargs
  Duvessa (D:5)
  A hell hound (Volcano)
  12 water moccasins
  A human skeleton (Vaults:1)
  3 swamp worms (Spider:1)
  40 orc warriors
  13 porcupines
  4 sky beasts
  A phantom (D:4)
  4 boggarts (Lair:5)
  6 ice beasts
  6 necrophages
  3 black bears
  2 tengu (shapeshifter)
  17 ogres
  2 wolves (Lair:5)
  20 centaurs
  5 crocodiles
  5 big kobolds
  A wyvern zombie (D:13)
  16 bullfrogs
  Dowan (D:5)
  8 gnoll sergeants (Bailey)
  A wyvern skeleton (D:13)
  A water moccasin zombie (D:9)
  3 scorpions
  9 wights
  4 killer bees (D:8)
  2 howler monkeys
  An electric eel (Spider:2)
  5 crimson imps
  2 bullfrog zombies
  A quasit (D:8)
  A bullfrog skeleton (D:9)
  6 jellies
  7 gnoll shamans
  11 hounds
  32 orc priests
  33 orc wizards
  8 iguanas
  7 worker ants
  A killer bee zombie (D:6)
  A hound zombie (D:5)
  A howler monkey zombie (D:7)
  A worker ant zombie (D:8)
  22 gnolls
  9 adders
  6 shadow imps
  2 oozes
  2 adder skeletons
  2 adder zombies (D:5)
  A worm (D:4)
  3 dart slugs
  5 leopard geckos
  97 orcs
  A giant cockroach (D:5)
  8 goblins
  10 hobgoblins
  6 jackals
  5 quokkas
  3 bats
  16 frilled lizards
  32 kobolds
  A leopard gecko skeleton (D:7)
  7 rats
  A bush (D:9)
  2 crawling corpses (Vaults:2)
  A plant (D:1)
1349 creatures vanquished.

Vanquished Creatures (collateral kills)
  An ironheart preserver (Vaults:3)
  2 ogres (Vaults:3)
  A howler monkey (D:14)
4 creatures vanquished.

Vanquished Creatures (others)
  2 stone giants (Depths:2)
  A yaktaur captain (Vaults:3)
  2 two-headed ogres (Volcano)
  2 orb spiders (Spider:4)
  2 yaktaurs
  A tarantella (Spider:1)
  2 humans (Spider:1)
  6 centaurs
  2 orc wizards
  An orc (D:11)
  15 fungi
  20 plants
56 creatures vanquished.

Grand Total: 1409 creatures vanquished

Notes
Turn   | Place    | Note
-------+----------+-------------------------------------------
     0 | D:1      | Laan the Gargoyle Fighter began the quest for the Orb.
     0 | D:1      | Reached XP level 1. HP: 14/14 MP: 1/1
    43 | D:1      | Reached XP level 2. HP: 16/19 MP: 2/2
   275 | D:1      | Reached XP level 3. HP: 19/23 MP: 3/3
   887 | D:2      | Found a shattered altar of Ashenzari.
  1003 | D:2      | Found a snail-covered altar of Cheibriados.
  1069 | D:2      | Reached XP level 4. HP: 25/28 MP: 4/4
  1838 | D:3      | Reached skill level 5 in Maces & Flails
  1838 | D:3      | Reached XP level 5. HP: 32/32 MP: 5/5
  2377 | D:4      | Noticed a phantom
  2392 | D:4      | Killed a phantom
  2392 | D:4      | Reached XP level 6. HP: 30/37 MP: 6/6
  2555 | D:4      | Found a staircase to the Ecumenical Temple.
  2561 | Temple   | Entered the Ecumenical Temple
  2645 | Temple   | Became a worshipper of the Shining One
  3136 | D:5      | Entered Level 5 of the Dungeon
  3233 | D:5      | Noticed an ice beast
  3244 | D:5      | Killed an ice beast
  3332 | D:5      | Reached XP level 7. HP: 26/41 MP: 7/7
  4047 | D:6      | Found a stormy altar of Qazlal.
  4054 | D:6      | Noticed Duvessa
  4059 | D:6      | Noticed Dowan
  4159 | D:5      | Reached skill level 1 in Invocations
  4240 | D:5      | Killed Duvessa
  4240 | D:5      | Reached XP level 8. HP: 41/48 MP: 7/9
  4253 | D:5      | Killed Dowan
  4338 | D:6      | Noticed Prince Ribbit
  4352 | D:6      | Killed Prince Ribbit
  4382 | D:6      | Reached * piety under the Shining One
  4634 | D:7      | Found Butif's Jewellery Boutique.
  4637 | D:7      | Found Seicsiv's Food Boutique.
  4671 | D:7      | Reached XP level 9. HP: 51/52 MP: 11/11
  4720 | D:7      | Noticed Pikel
  4734 | D:7      | Killed Pikel
  4734 | D:7      | Reached skill level 5 in Fighting
  4734 | D:7      | Reached skill level 5 in Armour
  4734 | D:7      | Reached skill level 5 in Shields
  4738 | D:7      | Found Kuaheun's Weapon Emporium.
  4752 | D:7      | Bought a +2 morningstar of venom for 235 gold pieces
  4786 | D:7      | Found Qocw's General Store.
  4788 | D:7      | Found Yplonifo's Assorted Antiques.
  5189 | D:8      | Noticed Draugr's ghost (novice DEIE)
  5196 | D:8      | Killed Draugr's ghost
  5196 | D:8      | Reached skill level 10 in Maces & Flails
  5555 | D:8      | Noticed a two-headed ogre
  5566 | D:8      | Killed a two-headed ogre
  5566 | D:8      | Reached skill level 5 in Invocations
  5566 | D:8      | Reached XP level 10. HP: 39/60 MP: 13/13
  5790 | D:7      | Bought a bone morningstar for 198 gold pieces
  5790 | D:7      | Identified the +4 morningstar of Conservatism {elec, Int+3 Dex+2} (You bought it in a shop on level 7 of the Dungeon)
  5826 | D:8      | Found an ancient bone altar of Kikubaaqudgha.
  5908 | D:8      | Found a sparkling altar of Nemelex Xobeh.
  6003 | D:8      | Found a deep blue altar of Sif Muna.
  6166 | D:8      | Reached ** piety under the Shining One
  6521 | D:8      | Found a hide-covered altar of Uskayaw.
  6706 | D:9      | Found a staircase to the Lair.
  6721 | D:9      | Noticed a two-headed ogre
  6726 | D:9      | Killed a two-headed ogre
  6800 | D:9      | Noticed Joseph
  6811 | D:9      | Killed Joseph
  6860 | D:9      | Found a flagged portal.
  6882 | Bailey   | Entered a bailey
  6886 | Bailey   | Reached XP level 11. HP: 67/67 MP: 15/15
  7019 | Bailey   | Reached *** piety under the Shining One
  7401 | D:9      | Found a blossoming altar of Fedhas.
  7458 | D:9      | Noticed dricus's ghost (novice CeHu)
  7469 | D:9      | Killed dricus's ghost
  7795 | D:10     | Entered Level 10 of the Dungeon
  7998 | D:10     | Noticed an unseen horror
  8009 | D:10     | Killed an unseen horror
  8046 | D:10     | Reached **** piety under the Shining One
  8047 | D:10     | Found a roughly hewn altar of Beogh.
  8047 | D:10     | Found a staircase to the Orcish Mines.
  8343 | D:10     | Noticed Psyche
  8346 | D:10     | Killed Psyche
  8620 | Lair:1   | Entered Level 1 of the Lair of Beasts
  9422 | Lair:2   | Noticed Harold
  9452 | Lair:2   | Killed Harold
 10210 | Lair:3   | Reached XP level 12. HP: 75/75 MP: 17/17
 10231 | Lair:3   | Found a labyrinth entrance.
 10240 | Lab      | Entered a labyrinth
 11069 | Lab      | Noticed a minotaur
 11070 | Lab      | Found the +3 warlock's mirror {reflect}
 11076 | Lab      | Killed a minotaur
 11359 | Lair:3   | Found a hole to the Spider Nest.
 11489 | Lair:3   | Got a steaming chain mail
 11490 | Lair:3   | Identified the cursed +1 chain mail of Xeikudy {Int+6} (You found it on level 3 of the Lair of Beasts)
 12201 | Lair:4   | Found a staircase to the Shoals.
 12333 | Lair:4   | Reached XP level 13. HP: 76/80 MP: 19/19
 12939 | Lair:5   | Reached skill level 10 in Shields
 13095 | Lair:5   | Reached skill level 10 in Fighting
 13121 | Lair:5   | Reached skill level 10 in Armour
 13514 | Lair:6   | Entered Level 6 of the Lair of Beasts
 14222 | Lair:6   | Reached skill level 10 in Invocations
 14340 | Lair:6   | Reached ***** piety under the Shining One
 14341 | Lair:6   | Noticed a dire elephant
 14373 | Lair:6   | Killed a dire elephant
 14373 | Lair:6   | Gained mutation: Your large and strong wings let you fly indefinitely. [Gargoyle growth]
 14373 | Lair:6   | Reached XP level 14. HP: 72/88 MP: 21/21
 14680 | Lair:6   | Reached skill level 15 in Maces & Flails
 14765 | Lair:6   | Found a runed door.
 14765 | Lair:6   | Found a viscous altar of Jiyva.
 14847 | Lair:6   | Found a staircase to the Slime Pits.
 16283 | D:12     | Got a transparent whip
 16284 | D:12     | Identified the +5 whip of Qyjywu Ebbei {flame, +Rage Int+5} (You found it on level 12 of the Dungeon)
 16596 | D:12     | Noticed Snorg
 16603 | D:12     | Killed Snorg
 17000 | D:13     | Reached ****** piety under the Shining One
 17330 | D:13     | Got a pair of bloodstained boots
 17331 | D:13     | Identified the +1 pair of boots of Gozag's Hatred {rN+ Str+7 Dex-3 Slay+3} (You found it on level 13 of the Dungeon)
 17374 | D:13     | Reached XP level 15. HP: 95/95 MP: 23/23
 18526 | D:14     | Found a gate to the Vaults.
 18840 | Orc:1    | Entered Level 1 of the Orcish Mines
 18977 | Orc:1    | Found an iron altar of Okawaru.
 19002 | Orc:1    | Paralysed by an orc sorcerer for 2 turns
 19259 | Orc:1    | Found a dark tunnel.
 19265 | Volcano  | Entered a volcano
 19530 | Orc:2    | Entered Level 2 of the Orcish Mines
 20401 | Orc:2    | Found a staircase to the Elven Halls.
 20450 | Orc:2    | Found Duedynof's Magic Scroll Boutique.
 20450 | Orc:2    | Found Souczour's Food Boutique.
 20451 | Orc:2    | Found Cuisar's Food Shop.
 20454 | Orc:2    | Found Lomusch's Weapon Shop.
 20846 | D:15     | Entered Level 15 of the Dungeon
 21400 | D:15     | Got a bound tin ring
 21465 | D:15     | Reached XP level 16. HP: 102/103 MP: 25/25
 21527 | D:15     | Found a staircase to the Depths.
 21915 | Depths:1 | Entered Level 1 of the Depths
 22294 | Depths:1 | Noticed Jorgrun
 22303 | Depths:1 | Killed Jorgrun
 22832 | Depths:1 | Noticed a tengu reaver
 22844 | Depths:1 | Killed a tengu reaver
 23019 | Depths:1 | Found a gateway to Hell.
 23718 | Depths:2 | Noticed a sphinx
 23935 | Depths:2 | Noticed a tengu reaver
 23963 | Depths:2 | Killed a tengu reaver
 23968 | Depths:2 | Reached XP level 17. HP: 94/111 MP: 27/27
 24113 | Depths:2 | Noticed a golden dragon
 24113 | Depths:2 | Noticed a sphinx
 24127 | Depths:2 | Killed a golden dragon
 24131 | Depths:2 | Killed a sphinx
 24386 | Depths:2 | Gained mutation: You tend to lose your temper in combat. [a shining eye]
 24723 | Depths:2 | Noticed a lich
 24757 | Depths:2 | The Shining One protects you from harm!
 24783 | Depths:2 | Killed a sphinx
 24787 | Depths:2 | Noticed Nikola
 24811 | Depths:2 | Killed a lich
 24821 | Depths:2 | Killed Nikola
 24840 | Depths:2 | Noticed a golden dragon
 25279 | D:7      | Bought 2 scrolls labeled YBON RO QOJUSCH for 44 gold pieces
 25279 | D:7      | Bought a scroll labeled ITISKU HUMY for 22 gold pieces
 25279 | D:7      | Bought a scroll of enchant armour for 165 gold pieces
 25651 | Spider:1 | Entered Level 1 of the Spider Nest
 25651 | Spider:1 | Noticed Agnes
 25656 | Spider:1 | Killed Agnes
 25658 | Spider:1 | Noticed Aizul
 25663 | Spider:1 | Noticed Asterion
 25668 | Spider:1 | Noticed Kirke
 25675 | Spider:1 | Killed Aizul
 25685 | Spider:1 | Killed Asterion
 25698 | Spider:1 | Noticed a sphinx
 25702 | Lair:3   | Noticed a sphinx
 25703 | Lair:3   | Killed Kirke
 25703 | Lair:3   | Reached skill level 15 in Shields
 25861 | Lair:3   | Reached skill level 15 in Fighting
 25870 | Lair:3   | Reached skill level 15 in Armour
 26030 | Spider:1 | Reached XP level 18. HP: 112/119 MP: 29/29
 26332 | Spider:1 | Identified the ring "Lidiedaisi" {rPois Str+6} (You took it off an ogre mage on level 15 of the Dungeon)
 26688 | Spider:2 | Reached skill level 15 in Invocations
 28400 | Spider:4 | Entered Level 4 of the Spider Nest
 28460 | Spider:4 | Noticed NihilVerum's ghost (adept TrHu)
 28474 | Spider:4 | Killed NihilVerum's ghost
 28702 | Spider:4 | HP: 2/120 [disintegration (36)]
 28710 | Spider:4 | HP: 1/120 [disintegration (24)]
 29117 | Spider:4 | Reached XP level 19. HP: 125/125 MP: 30/30
 29917 | Spider:4 | Got a gossamer rune of Zot
 30229 | Vaults:1 | Entered Level 1 of the Vaults
 30661 | Vaults:1 | Found Paxoich's Jewellery Boutique.
 31693 | Vaults:2 | Paralysed by an ogre mage for 2 turns
 32235 | Vaults:2 | Reached XP level 20. HP: 103/134 MP: 32/32
 32243 | Vaults:2 | Noticed a Brimstone Fiend
 32251 | Vaults:2 | Noticed a Tzitzimitl
 32925 | Vaults:2 | Found a staircase to the Crypt.
 33314 | Vaults:3 | Noticed Mennas
 33437 | Vaults:3 | Killed Mennas
 34272 | Vaults:3 | Reached XP level 21. HP: 133/140 MP: 33/33
 34855 | Depths:2 | Got a heavily runed ruby amulet
 34872 | Depths:2 | Identified the amulet of Yredelemnul's Esteem {Reflect rF- Int+3 SH+3 SInv} (You took it off a spriggan berserker on level 2 of the Depths)
 34936 | Depths:2 | Noticed a caustic shrike
 34941 | Depths:2 | HP: 5/141 [caustic shrike (11)]
 34941 | Depths:2 | The Shining One protects you from harm!
 34942 | Depths:2 | Slain by a caustic shrike

Vault maps used:
D:1:      roderic_crossed_star, serial_bayou_lagoon_a, minmay_lizard_pond
D:2:      kennysheep_slug_shrine, nicolae_overflow_crystal_walls
D:3:      first_ration
D:4:      minmay_temple_entry_trees, kennysheep_dice
D:6:      lemuel_crystal_altar, feat_on_display, uniq_duvessa,
          uniq_prince_ribbit1
D:7:      serial_shops, shop_coins, nicolae_shop_window_shopping, shop,
          nicolae_shop_stone, shop_fountains, uniq_pikel
D:8:      kiku_gazebo_garden_becter, led_sif_pool, lemuel_round_altar,
          lemuel_doored_altar
D:9:      fedhas_altar_decomposition, lair_entry_dummy, enter_bailey_7,
          uniq_joseph
D:10:     david_orc_5, grunt_pizzeria, lemuel_flamethrower_hall, uniq_psyche
D:12:     kennysheep_small_square, uniq_snorg
D:14:     hangedman_vaults_entry_quadrant_bands,
          hangedman_abyss_or_decor_clamps, serial_bayou_pond_a
D:15:     grunt_enter_depths_snipers, grunt_decor_resistance
Temple:   minmay_temple_curvy_branch
Lair:2:   minmay_stone_trees_medium, uniq_harold
Lair:3:   nicolae_spider_entry_tight_spaces, lab_entry_generic,
          grunt_megastairs_3
Lair:4:   elwin_shoals_entry_rocks, grunt_megastairs_4
Lair:5:   kilobyte_rumbling_trees
Lair:6:   gammafunk_lair_ancient_temple, slime_altar_2, serial_bayou_pond_a
Spider:1: worms_lemuel, uniq_asterion, uniq_agnes, uniq_aizul, uniq_kirke
Spider:4: guppyfry_spider_rune
Orc:1:    enter_volcano_1, okawaru_metal_pillars_3
Orc:2:    st_orc_mages
Vaults:1: nicolae_vaults_sealed_display, v_rooms_3, hangedman_vaults_slice,
          vaults_mumra_chevron, nicolae_vaults_stairing_the_circle,
          hangedman_vaults_cutoff, grunt_vaults_hallway_short,
          ontoclasm_vaults_ring_small, v_misc_15,
          nicolae_vaults_little_squares_1, nicolae_vaults_diagonal_hallway_6,
          grunt_vaults_twisty, grunt_vaults_hallway_short,
          hangedman_vaults_corner_blocks, v_alt_pattern_3,
          nicolae_vaults_rhombus_5, serial_shops, shop
Vaults:2: v_misc_28, v_misc_10, nicolae_vaults_twisting_passages,
          vaults_standard_mumra_x, vaults_dpeg_ring, vaults_dpeg_diagonal,
          nicolae_vaults_shelves_hall, minmay_crypt_entry_simple_statues
Vaults:3: st_smaller_cells, hangedman_vaults_restitches, v_misc_26, v_misc_8,
          nicolae_vaults_asterisk, ontoclasm_vaults_claustrophobia, v_misc_10,
          v_misc_3, v_pattern_2, hangedman_vaults_nails, serial_ice_h,
          uniq_mennas
Depths:1: hell_entry, grunt_ministairs_4, st_stairs_10, roderic_lattice_a,
          dk_noncrumbling_3, minmay_variable_closet, kennysheep_generic_room_8,
          uniq_jorgrun
Depths:2: minmay_octagon_city, pf_coc_iceberg,
          infiniplex_staircase_hallway_doors, minivault_1,
          minmay_misc_feat_plants, uniq_nikola
Lab:      nicolae_lab_quarters, labyrinth_skeletal_remains
Bailey:   bailey_polearm_gnolls_kennysheep, bailey
Volcano:  volcano_village

Skill      XL: |  1  2  3  4  5  6  7  8  9 10 11 12 13 14 15 16 17 18 19 20 21 |
---------------+----------------------------------------------------------------+-----
Maces & Flails | 3 4 5 6 7 8 9 10 11 12 13 14 15 16 | 16.0
Invocations    | 1 3 5 6 7 9 10 11 12 13 14 15 16 17 | 17.9
Armour         | 4 6 7 8 9 10 11 12 14 15 16 17 18 | 18.1
Shields        | 4 6 7 8 9 10 11 12 14 15 16 17 18 | 18.2
Fighting       | 4 6 7 8 9 10 11 12 14 15 16 17 18 | 18.1

Action                   |  1- 3 |  4- 6 |  7- 9 | 10-12 | 13-15 | 16-18 | 19-21 || total
-------------------------+-------+-------+-------+-------+-------+-------+-------++-------
Melee: Flail             |   221 |     8 |       |       |       |       |       ||   229
       Whip              |       |   147 |   179 |       |       |       |       ||   326
       Morningstar       |       |       |    22 |   427 |  1035 |   941 |   962 ||  3387
Invok: Summon Divine War |       |       |       |       |     1 |       |     2 ||     3
       Divine Shield     |       |       |       |       |       |       |     1 ||     1
 Abil: Fly               |       |       |       |       |     1 |       |       ||     1
Evoke: Wand              |       |       |       |       |       |     2 |       ||     2
  Use: Scroll            |       |     1 |     1 |    23 |     5 |    16 |     4 ||    50
       Potion            |       |       |       |     2 |     3 |    18 |     6 ||    29
  Eat: Chunk             |     1 |     7 |     1 |    15 |    30 |    18 |    18 ||    90
       Ration            |       |       |     2 |     2 |       |     3 |       ||     7
Armor: Scale mail        |    39 |       |       |       |       |       |       ||    39
       Chain mail        |    44 |    63 |   100 |   242 |   181 |       |       ||   630
       Plate armour      |       |       |       |       |   443 |   128 |       ||   571
       Gold dragon scale |       |       |       |       |       |   959 |   631 ||  1590
Dodge: Dodged            |    60 |    25 |    46 |   100 |   345 |   471 |   277 ||  1324
Block: Shield            |   101 |    69 |    90 |   156 |       |       |       ||   416
       Buckler           |       |       |       |    59 |   478 |   593 |   492 ||  1622
       Reflection        |       |       |       |     1 |    37 |    32 |    46 ||   116

Table legend:
 A = Spawn XP
 B = Non-spawn XP
 C = Spawn XP percentage of total XP
 D = Spawn monster count
 E = Non-spawn monster count
 F = Spawn count percentage of total count
 G = Total turns spent on level
                    A         B        C        D         E        F      G
               +---------+---------+-------+---------+---------+-------+---------
         Total |       0 |  515665 |   0.0 |       0 |    1362 |   0.0 | 34942
               +---------+---------+-------+---------+---------+-------+---------
           D:1 |       0 |      59 |   0.0 |       0 |      35 |   0.0 |   831
           D:2 |       0 |      32 |   0.0 |       0 |      17 |   0.0 |   456
           D:3 |       0 |      82 |   0.0 |       0 |      10 |   0.0 |   808
           D:4 |       0 |     238 |   0.0 |       0 |      11 |   0.0 |   810
           D:5 |       0 |     938 |   0.0 |       0 |      27 |   0.0 |  1133
           D:6 |       0 |     811 |   0.0 |       0 |      18 |   0.0 |   361
           D:7 |       0 |    1303 |   0.0 |       0 |      17 |   0.0 |   567
           D:8 |       0 |    2691 |   0.0 |       0 |      33 |   0.0 |  1470
           D:9 |       0 |    4706 |   0.0 |       0 |      29 |   0.0 |   894
          D:10 |       0 |    2624 |   0.0 |       0 |      36 |   0.0 |   894
          D:11 |       0 |    8475 |   0.0 |       0 |      46 |   0.0 |  1306
          D:12 |       0 |    9143 |   0.0 |       0 |      38 |   0.0 |   743
          D:13 |       0 |    7719 |   0.0 |       0 |      42 |   0.0 |   987
          D:14 |       0 |   12294 |   0.0 |       0 |      49 |   0.0 |  1356
          D:15 |       0 |   23819 |   0.0 |       0 |      65 |   0.0 |   961
        Lair:1 |       0 |    1552 |   0.0 |       0 |       8 |   0.0 |   780
        Lair:2 |       0 |    1919 |   0.0 |       0 |       6 |   0.0 |   855
        Lair:3 |       0 |   13469 |   0.0 |       0 |      38 |   0.0 |  1386
        Lair:4 |       0 |    8870 |   0.0 |       0 |      32 |   0.0 |   688
        Lair:5 |       0 |    6380 |   0.0 |       0 |      24 |   0.0 |  1075
        Lair:6 |       0 |   20250 |   0.0 |       0 |      62 |   0.0 |  1198
      Spider:1 |       0 |   23535 |   0.0 |       0 |      61 |   0.0 |   924
      Spider:2 |       0 |   17203 |   0.0 |       0 |      48 |   0.0 |   931
      Spider:3 |       0 |   18804 |   0.0 |       0 |      47 |   0.0 |   937
      Spider:4 |       0 |   42533 |   0.0 |       0 |      72 |   0.0 |  1244
         Orc:1 |       0 |    3438 |   0.0 |       0 |      44 |   0.0 |   870
         Orc:2 |       0 |    4979 |   0.0 |       0 |      60 |   0.0 |   820
      Vaults:1 |       0 |   32333 |   0.0 |       0 |      56 |   0.0 |  1191
      Vaults:2 |       0 |   64608 |   0.0 |       0 |     100 |   0.0 |  1710
      Vaults:3 |       0 |   65271 |   0.0 |       0 |      89 |   0.0 |  1507
      Depths:1 |       0 |   36360 |   0.0 |       0 |      42 |   0.0 |  2071
      Depths:2 |       0 |   74266 |   0.0 |       0 |      59 |   0.0 |  1384
           Lab |       0 |    1624 |   0.0 |       0 |       3 |   0.0 |   925
        Bailey |       0 |    1221 |   0.0 |       0 |      30 |   0.0 |   417
       Volcano |       0 |    2116 |   0.0 |       0 |       8 |   0.0 |   221
               +---------+---------+-------+---------+---------+-------+---------
